Map: Mech Depot LE

Players

soul - Winner!

  • Race: Terran Terran
  • Spawn Location: 1:00

EnderSword

  • Race: Protoss Protoss
  • Spawn Location: 7:00

Event: WCS Montreal 2017

VOD

https://www.youtube.com/watch?v=KYy3QiVZdBw

Description

Time

  • Played on: Sept. 8, 2017, 11:34 a.m.
  • Length: 7:53

All games in this series

Show
View Real Time Build Order
Export as new Build Order

soul Terran - Winner!

Build Orders: Gas First Reaper Expand, Liberator Opening, Reaper Expand 

Get SALT Encoding   

  12  0:00  SCV  
  13  0:12  SCV  
  14  0:18  Supply Depot  
  14  0:25  SCV  
  15  0:29  Refinery  
  15  0:40  SCV  
  16  0:45  Barracks  
  16  0:52  SCV  
  17  1:04  SCV  
  18  1:16  SCV  
  19  1:32  Orbital Command, Reaper  
  20  1:44  Command Center  
  20  1:54  Factory  
  20  1:58  SCV  
  21  2:08  Supply Depot  
  21  2:09  Barracks Reactor  
  21  2:12  SCV  
  22  2:20  Engineering Bay  
  22  2:24  SCV  
  23  2:37  SCV  
  24  2:39  Widow Mine  
  26  2:45  Refinery  
  26  2:46  Marine  
  26  2:47  Marine  
  26  2:49  SCV  
  29  2:54  Starport  
  26  2:58  Orbital Command  
  29  3:01  SCV  
  30  3:06  Marine  
  30  3:07  Marine  
  32  3:13  SCV  
  35  3:21  Liberator  
  35  3:24  Marine  
  35  3:25  Marine, SCV  
  35  3:26  SCV  
  38  3:28  Factory Tech Lab  
  36  3:36  Supply Depot  
  36  3:37  SCV  
  36  3:38  SCV  
  41  3:42  Marine  
  41  3:43  Marine  
  43  3:49  SCV  
  43  3:50  SCV  
  43  3:51  Supply Depot  
  45  3:57  Siege Tank  
  45  4:01  SCV  
  45  4:02  SCV, Engineering Bay  
  50  4:07  Barracks  
  50  4:13  SCV  
  50  4:14  SCV  
  50  4:15  Supply Depot  
  51  4:18  Marine  
  52  4:25  SCV  
  52  4:28  Bunker  
  56  4:32  Medivac  
  55  4:39  Siege Tank  
  55  4:40  Missile Turret  
  55  4:41  SCV  
  55  4:43  Marine  
  55  4:44  Marine  
  61  4:48  Supply Depot  
  61  4:50  SCV  
  62  4:54  SCV  
  62  4:57  Barracks  
  62  4:59  Barracks Tech Lab  
  63  5:05  Refinery  
  63  5:06  SCV  
  64  5:08  SCV  
  64  5:13  Siege Tank  
  68  5:20  SCV  
  69  5:22  Marine  
  69  5:23  Marine  
  69  5:25  Stimpack  
  69  5:27  Marine, SCV  
  70  5:29  Refinery  
  70  5:34  SCV  
  66  5:40  Marine  
  66  5:41  Marine  
  67  5:44  Starport Reactor  
  67  5:46  Barracks x2, Barracks Reactor  
  67  5:51  SCV x2  
  67  5:54  Marine, Terran Infantry Weapons Level 1  
  70  5:59  Marine  
  70  6:03  Supply Depot, SCV  
  72  6:07  Marine  
  73  6:11  Supply Depot x2  
  73  6:12  Marine  
  73  6:15  Siege Tank  
  73  6:17  Marine  
  78  6:24  Medivac  
  78  6:25  Marine  
  81  6:26  Medivac  
  81  6:28  Marine  
  81  6:29  Marine  
  81  6:30  Marine  
  86  6:35  Marine  
  86  6:38  Supply Depot x2  
  88  6:41  Barracks Tech Lab  
  88  6:42  Barracks Tech Lab  
  88  6:43  Marine  
  88  6:46  Marine  
  89  6:47  Marine  
  89  6:48  Marauder  
  92  6:59  Factory Reactor  
  92  7:00  Supply Depot  
  92  7:01  Supply Depot  
  92  7:03  Marine, Marauder  
  95  7:09  Marine, Marauder  
  95  7:10  Marauder  
  95  7:15  Medivac x2  
  104  7:21  Marine  
  104  7:22  Marine  
  106  7:24  Marine  
  106  7:25  Marauder  
  106  7:27  Marine  
  110  7:34  Marine  
Show
View Real Time Build Order
Export as new Build Order

EnderSword Protoss 

Build Orders:  

Get SALT Encoding   

  12  0:02  Probe (Chrono Boost)  
  13  0:12  Probe (Chrono Boost)  
  14  0:20  Pylon  
  14  0:23  Probe (Chrono Boost)  
  15  0:38  Probe (Chrono Boost)  
  15  0:39  Gateway  
  16  0:48  Assimilator, Probe (Chrono Boost)  
  17  0:59  Probe (Chrono Boost), Assimilator  
  18  1:09  Probe (Chrono Boost)  
  19  1:20  Probe (Chrono Boost)  
  20  1:26  Cybernetics Core  
  20  1:28  Pylon  
  20  1:32  Probe (Chrono Boost)  
  21  1:38  Zealot  
  23  1:46  Probe (Chrono Boost)  
  24  1:57  Probe (Chrono Boost)  
  25  2:01  Pylon  
  25  2:12  Pylon  
  25  2:15  Warp Gate  
  25  2:17  Mothership Core (Chrono Boost)  
  27  2:31  Zealot  
  28  2:40  Robotics Facility  
  28  2:47  Gateway  
  28  2:53  Gateway  
  28  3:06  Stalker  
  30  3:19  Gateway  
  30  3:31  Immortal (Chrono Boost)  
  34  3:49  Probe  
  35  4:16  Immortal (Chrono Boost)  
  39  4:17  Stalker  
  39  4:18  Stalker x2  
  39  4:20  Sentry  
  47  4:26  Pylon  
  47  4:47  Pylon  
  47  4:48  Sentry  
  47  4:49  Stalker  
  47  4:50  Sentry  
  47  4:52  Observer (Chrono Boost)  
  54  5:07  Pylon  
  54  5:09  Zealot  
  37  5:41  Zealot x2  
  37  5:42  Zealot x2  
  43  6:01  Nexus  
  43  6:13  Warp Prism (Chrono Boost)  
  45  6:24  Probe  
  46  6:36  Probe  
  47  6:41  Twilight Council  
  47  6:48  Zealot  
  47  6:49  Probe, Zealot  
  52  6:55  Zealot  
  52  7:01  Probe  
  55  7:03  Zealot  
  56  7:23  Zealot  
  56  7:24  Zealot x2  
  56  7:46  Pylon  
  56  7:49  Pylon  
Tags
 
Add a new tag
Caveats
  • Supply blocks, unpowered buildings, or Contaminate may cause inaccurate times.
  • Supply counts are checked every 10 seconds.